 Dungeon Crawl Stone Soup version 0.31-a0-948-gf5be29c462 (webtiles) character file.

Game seed: 1679000155833853636

289 BinkBink the Ducker (level 6, -5/37 HPs)
             Began as a Deep Elf Monk on Oct 21, 2023.
             Was a Believer of Qazlal.
             Killed from afar by a steam dragon (9 damage)
             ... with a ball of steam
             ... on level 4 of the Dungeon.
             The game lasted 00:09:41 (3889 turns).

BinkBink the Ducker (Deep Elf Monk)                 Turns: 3889, Time: 00:09:42

Health: -5/37      AC:  3    Str:  8    XL:     6   Next: 9%
Magic:  0/12       EV: 14    Int: 15    God:    Qazlal [**....]
Gold:   183        SH:  2    Dex: 19    Spells: 10/11 levels left

rFire   . . .        g - +1 short sword (flame)
rCold   . . .        d - orb {light}
rNeg    . . .        b - +0 robe
rPois   +            r - +0 helmet
rElec   .            p - scarf {repulsion}
rCorr   .            (no gloves)
SInv    .            (no boots)
Will    +....        s - amulet of guardian spirit
Stlth   +            a - ring of poison resistance
HPRegen 0.26/turn    w - ring of willpower
MPRegen 0.13/turn

%: repel missiles, guardian spirit
@: glowing
A: no striking features
a: Renounce Religion, Upheaval


You were on level 4 of the Dungeon.
You worshipped Qazlal.
Qazlal was pleased with you.
You visited 2 branches of the dungeon, and saw 5 of its levels.

You collected 183 gold pieces.

Inventory:

Hand Weapons
 g - a +1 short sword of flaming (weapon)
Missiles
 e - 3 throwing nets
Armour
 b - a +0 robe (worn)
 d - an orb of light (worn)
 p - a scarf of repulsion (worn)
 r - a +0 helmet (worn)
Jewellery
 a - a ring of poison resistance (left hand)
 s - an amulet of guardian spirit (around neck)
 w - a ring of willpower (right hand)
Scrolls
 o - a scroll of fog
Potions
 c - a potion of ambrosia
 i - a potion of might
 l - a potion of mutation {unknown}
 m - 2 potions of cancellation
 n - 2 potions of enlightenment {unknown}
 u - a potion of heal wounds
 x - a potion of magic {unknown}


   Skills:
 + Level 3.2 Fighting
 * Level 4.7 Short Blades
 + Level 4.7 Dodging
 + Level 3.1 Spellcasting
 + Level 1.7 Conjurations


You had 10 spell levels left.
You knew the following spells:

 Your Spells              Type           Power      Damage    Failure   Level
a - Magic Dart            Conj           28%        1d4       10%         1

Your spell library contained the following spells:

 Spells                   Type           Power      Damage    Failure   Level
 Call Imp                 Summ           4%         N/A       30%         2
 Mephitic Cloud           Conj/Pois/Air  4%         N/A       43%         3


Dungeon Overview and Level Annotations

Branches:
Dungeon (4/15)             Temple (1/1) D:4

Altars:
Ashenzari
Cheibriados
Dithmenos
Fedhas
Makhleb
Nemelex Xobeh
Okawaru
Qazlal
Ru
Sif Muna
Uskayaw
Vehumet
Wu Jian
Xom
Yredelemnul
The Shining One

Shops:
D:1 :


Message History

Confirm with . or Enter, or press ? or * to list all spells.
Aiming: Magic Dart (safe; 10% risk of failure)
Press: ? - help, Shift-Dir - straight line, f - steam dragon
Aim: a steam dragon (haloed, 100% to hit)
The magic dart hits the steam dragon.
The steam dragon is lightly wounded.
The steam dragon breathes steam at you. The ball of steam misses you.
Casting: Magic Dart (safe; 10% risk of failure)
Confirm with . or Enter, or press ? or * to list all spells.
Aiming: Magic Dart (safe; 10% risk of failure)
Press: ? - help, Shift-Dir - straight line, f/p - steam dragon
Aim: a steam dragon (lightly wounded, catching its breath, haloed, 100% to hit)
The magic dart hits the steam dragon.
The steam dragon is lightly wounded.
You hit the steam dragon but do no damage.
The steam dragon is lightly wounded.
The steam dragon bites you. The steam dragon misses you.
You hit the steam dragon but do no damage.
The steam dragon is lightly wounded.
The steam dragon bites you but does no damage.
The steam dragon claws you.
You hit the steam dragon but do no damage.
The steam dragon is lightly wounded.
The steam dragon bites you! The steam dragon closely misses you.
You hit the steam dragon but do no damage.
The steam dragon is lightly wounded.
The steam dragon bites you! The steam dragon barely misses you.
You hit the steam dragon but do no damage.
The steam dragon is lightly wounded.
You hit the steam dragon but do no damage.
The steam dragon is lightly wounded.
The steam dragon breathes steam at you. The ball of steam hits you!!
* * * LOW HITPOINT WARNING * * *
As you read the scroll of fog, it dissolves into smoke.
The steam dragon barely misses you. The steam dragon closely misses you.
The steam dragon breathes steam at you. The ball of steam hits you!
You die...

......##..# #
.##...##..####### # #
...#........§..#### #.
#.....#...##≈≈.≈≈#.
...###.#.#.#...##≈#'#≈..
#.............#..'_'...
#....#...#......≈#+#≈.#
...#§§§§§§.#....≈≈.§≈.#
#..§§@§D§...#.##..####
...#.§§§°§§#...##.## #
#..§.#§§§#§....##.# #
#.......§§.#.#.... #
#.###.#.#.##...##.#####
# .......##..###......
##...#.....## #..####
###........ # #. #### #


You could see a steam dragon (catching breath).

Vanquished Creatures
  A scorpion (D:4)
  A hound (D:4)
  Robin (D:3)
  4 gnolls (D:4)
  5 adders
  A shadow imp (D:4)
  A worm (D:3)
  2 dart slugs
  An orc (D:3)
  5 bats
  5 endoplasms
  6 giant cockroaches
  12 goblins
  9 hobgoblins
  4 jackals (D:1)
  5 kobolds
  5 quokkas
  9 ball pythons
  3 frilled lizards
  7 rats
87 creatures vanquished.

Notes
Turn   | Place    | Note
-------+----------+-------------------------------------------
     0 | D:1      | BinkBink the Deep Elf Monk began the quest for the Orb.
     0 | D:1      | Reached XP level 1. HP: 13/13 MP: 3/3
   317 | D:1      | Reached XP level 2. HP: 9/18 MP: 3/5
   573 | D:1      | Reached skill level 1 in Spellcasting
   641 | D:1      | Found Gekaah's Book Boutique.
   907 | D:2      | Reached XP level 3. HP: 22/22 MP: 5/7
  1774 | D:2      | Learned a level 1 spell: Magic Dart
  1968 | D:3      | Reached XP level 4. HP: 17/27 MP: 9/9
  2224 | D:3      | Noticed Robin
  2275 | D:3      | Killed Robin
  2949 | D:4      | Reached skill level 1 in Conjurations
  2949 | D:4      | Reached XP level 5. HP: 19/32 MP: 5/10
  3308 | D:4      | Reached XP level 6. HP: 35/37 MP: 9/12
  3553 | D:4      | Noticed a steam dragon
  3756 | D:3      | Identified a scroll of acquirement
  3756 | D:3      | Acquired a ring of poison resistance
  3812 | D:4      | Found a burning altar of Makhleb.
  3826 | D:4      | Found a staircase to the Ecumenical Temple.
  3836 | Temple   | Entered the Ecumenical Temple
  3857 | Temple   | Became a worshipper of Qazlal Stormbringer
  3857 | Temple   | Reached * piety under Qazlal
  3857 | Temple   | Reached ** piety under Qazlal
  3889 | D:4      | Killed from afar by a steam dragon

Illustrated notes

Levels and vault maps discovered:
D:1:      matt_arrival_los_fun, layout_basic, serial_curves, eino_curves_02,
          eino_curves_04, serial_shops, nicolae_book_shop_shelving
D:2:      layout_loops_corners, kennysheep_generic_room_16
D:3:      layout_rooms, serial_bayou_lake_a, uniq_robin
D:4:      old_forge, layout_loops_ring, kennysheep_mini_moat,
          minmay_temple_entry_sparse_star
Temple:   regret_index_temple_waves

Skill      XL: |  1  2  3  4  5 |
---------------+----------------+-----
Spellcasting   | 1 2 3 |  3.1
Dodging        | 4 |  4.7
Fighting       | 3 |  3.2
Short Blades   | 4 |  4.7
Conjurations   | 1 |  1.7

Action                     |  1- 3 |  4- 6 || total
---------------------------+-------+-------++-------
  Melee: Short sword       |   141 |   205 ||   346
   Cast: Magic Dart        |       |     2 ||     2
    Use: Potion            |       |     3 ||     3
         Scroll            |       |    11 ||    11
 Armour: Robe              |    50 |    80 ||   130
  Dodge: Dodged            |   106 |   109 ||   215
         Repelled          |       |     2 ||     2

Table legend: (Time is in decaauts)
 A = Elapsed time spent in this place.
 B = Non-inter-level travel time spent in this place.
 C = Inter-level travel time spent in this place.
 D = Time resting spent in this place.
 E = Time spent auto-exploring this place.
 F = Levels seen in this place.
 G = Mean time per level.
                   A        B        C        D        E       F      G
               +--------+--------+--------+--------+--------+-----+--------+
         Total |   3864 |   3744 |    120 |    628 |   2324 |   5 |  772.8 |
       Dungeon |   3821 |   3742 |     79 |    628 |   2324 |   4 |  955.2 |
        Temple |     43 |      3 |     40 |      0 |      0 |   1 |   43.0 |
               +--------+--------+--------+--------+--------+-----+--------+

Top non-repeatable levels by time:
     D:3: 1120 daAuts
     D:2: 1090 daAuts
     D:1: 839 daAuts
     D:4: 771 daAuts
  Temple: 43 daAuts
